 Dungeon Sprint DCSS version 0.27-a0-1359-ga2a4dfd6fd (webtiles) character file.

Game seed: 488674373855254010

28981 mhtbhm the Archmage (level 13, -2/66 HPs)
             Began as a Deep Elf Earth Elementalist on June 29, 2021.
             Was the Champion of Vehumet.
             Slain by a balrug (26 damage)
             ... in the Dungeon (Sprint VII: "The Pits").
             The game lasted 00:10:15 (3800 turns).

mhtbhm the Archmage (Deep Elf Earth Elementalist)   Turns: 3800, Time: 00:10:16

Health: -2/66      AC:  7    Str:  5    XL:     13   Next: 12%
Magic:  26/46      EV: 18    Int: 26    God:    Vehumet [******]
Gold:   20         SH:  0    Dex: 15    Spells: 44/66 levels left

rFire    . . .     SeeInvis .   l - +4 long sword (holy)
rCold    + . .     Faith    .   (no shield)
rNeg     + + .     Spirit   .   b - +2 robe {rC+}
rPois    .         Reflect  .   (no helmet)
rElec    +         Harm     .   (no cloak)
rCorr    .         Rampage  .   (no gloves)
Will     +....     NoTele   +   (no boots)
Stlth    +++.......             u - amulet of Joadweth {Acrobat rElec rN++ Regen+}
HPRegen  1.21/turn              m - +3 ring of protection
MPRegen  0.30/turn              o - +3 ring of evasion

@: no status effects
A: no striking features
a: Renounce Religion


You were in the Dungeon.
You worshipped Vehumet.
Vehumet was exalted by your worship.
You visited 1 branch You collected 20 gold pieces.

Inventory:

Hand Weapons
 l - a +4 long sword of holy wrath (weapon)
Missiles
 i - 85 stones
Armour
 b - a +2 robe of cold resistance (worn)
Magical Staves
 A - a staff of earth
Jewellery
 m - a +3 ring of protection (left hand)
 o - a +3 ring of evasion (right hand)
 u - the amulet of Joadweth (around neck) {Acrobat rElec rN++ Regen+}
   (You found it in the Dungeon)

   [amulet of the acrobat]

   It increases your evasion while moving and waiting.rElec: It insulates you
   from electricity.
   rN:        It greatly protects you from negative energy.
   Regen:     It increases your rate of health regeneration.
 v - a ring of protection from fire
 x - a ring of poison resistance
 y - a ring of see invisible
Wands
 w - a wand of iceblast (7)
Scrolls
 h - 3 scrolls of blinking
 j - 6 scrolls of amnesia
 k - a scroll of summoning
 q - 5 scrolls of fear
 r - 2 scrolls of fog
 s - 2 scrolls of enchant armour
 t - a scroll of identify
Potions
 a - 2 potions of invisibility
 c - 14 potions of curing
 d - 11 potions of heal wounds
 e - 5 potions of haste
 f - 3 potions of magic
 g - 3 potions of berserk rage
 n - 4 potions of brilliance
 p - 2 potions of mutation
 z - a potion of flight
Miscellaneous
 B - a tin of tremorstones (2/2)
 C - a box of beasts
 D - a phantom mirror


   Skills:
 + Level 2.1 Fighting
 + Level 2.1 Polearms
 + Level 6.4 Dodging
 + Level 5.8 Stealth
 O Level 27 Spellcasting
 + Level 3.2 Transmutations
 + Level 23.9 Earth Magic


You had 44 spell levels left.
You knew the following spells:

 Your Spells              Type           Power      Damage    Failure   Level
a - Sandblast             Erth           100%       2d20      0%          1
b - Passwall              Tmut/Erth      68%        N/A       0%          2
c - Stone Arrow           Conj/Erth      100%       3d13      0%          3
d - Lee's Rapid Deconstr  Erth           51%        3d25*     0%          5
e - Petrify               Tmut/Erth      82%        N/A       1%          4
f - Orb of Destruction    Conj           17%        9d8       82%         7

Your spell library contained the following spells:

 Spells                   Type           Power      Damage    Failure   Level
 Spellforged Servitor     Conj/Summ      17%        N/A       82%         7


Dungeon Overview and Level Annotations

Branches:
Dungeon (1/1)

Altars:
Ashenzari
Cheibriados
Dithmenos
Elyvilon
Fedhas
Gozag
Hepliaklqana
Kikubaaqudgha
Makhleb
Nemelex Xobeh
Okawaru
Qazlal
Ru
Sif Muna
Trog
Uskayaw
Vehumet
Wu Jian
Xom
Yredelemnul
Zin
The Shining One
Beogh
Jiyva
Lugonu


Message History

You feel your power returning.
The blast of metal fragments hits the green draconian!!!
The green draconian is heavily wounded.
A merfolk avatar comes into view.
A phantasmal warrior comes into view.
The balrug hits you with a +1 antimagic demon whip!!
You are engulfed in flames!!
You feel your power leaking away.
A chaos spawn comes into view.
Unknown command.
Unknown command.
Casting: Lee's Rapid Deconstruction (safe; 0% risk of failure)
Confirm with . or Enter, or press ? or * to list all spells.
Aiming: Lee's Rapid Deconstruction (safe; 0% risk of failure)
Press: ? - help, Dir - move target A metal wall.
Okay, then.
You feel much better. The balrug barely misses you.
Unknown command.
Casting: Lee's Rapid Deconstruction (safe; 0% risk of failure)
Confirm with . or Enter, or press ? or * to list all spells.
Aiming: Lee's Rapid Deconstruction (safe; 0% risk of failure)
Press: ? - help, Dir - move target A metal wall.
The metal wall shatters!
The blast of metal fragments hits the phantasmal warrior!!
The phantasmal warrior is heavily damaged.
The blast of metal fragments hits the balrug!!!
The balrug is almost dead.
The blast of metal fragments hits the chaos spawn!!
The chaos spawn is severely wounded.
The balrug gestures at you. The bolt of fire hits you!!
* * * LOW HITPOINT WARNING * * *
The phantasmal warrior blinks!
Unknown command.
Unknown command.
You feel much better.
The balrug hits you with a +1 antimagic demon whip!
You are engulfed in flames!!
You die...

#############..#....#..#
...........''..........#
...........''..........#
#########..##..#..W.#..#
#.#.#.#.#..##..........+
.#)#.#.##..##..........+
#[#.#)#.#..####''####''#
.#)#.#.##..####''####''##########
#.#.#.#.#..##...@..##............
#########..##.#2##.##......(.....
...........##.#d .##..##########
...........## +m ##..#
''########## #R #..# ''##########
+○ #..# .......##..# ## #..#
#......##..# #..# .......''..#
#..#


You could see a green draconian, a merfolk avatar, a balrug, a phantasmal
warrior and an efreet.

Vanquished Creatures
  Saint Roka (D)
  An angel (D)
  Snorg (D)
  A great orb of eyes (D)
  A hydra (D)
  A spriggan air mage (D)
  An alligator (D)
  2 merfolk avatars (D)
  A fire crab (D)
  2 sun demons (D)
  6 skeletal warriors (D)
  A flayed ghost (D)
  A shadow wraith (D)
  A lindwurm (D)
  2 deep elf pyromancers (D)
  3 deep elf zephyrmancers (D)
  A phantasmal warrior (D)
  A cyclops (D)
  A black mamba (D)
  A smoke demon (D)
  A molten gargoyle (D)
  A cane toad (D)
  Psyche (D)
  A yaktaur (D)
  An unseen horror (D)
  An ice devil (D)
  A komodo dragon (D)
  2 efreet (D)
  A guardian mummy (D)
  A freezing wraith (D)
  2 trolls (D)
  A wandering mushroom (D)
  A polar bear (D)
  A jumping spider (D)
  A tyrant leech (D)
  2 hornets (D)
  5 blink frogs (D)
  Grinder (D)
  2 spriggans (D)
  2 redbacks (D)
  A vampire (D)
  2 tarantellas (D)
  A wyvern (D)
  4 yaks (D)
  A fire bat (D)
  A basilisk (D)
  A neqoxec (D)
  2 vampire mosquitoes (D)
  2 floating eyes (D)
  3 hell hounds (D)
  A water moccasin (D)
  2 orc warriors (D)
  A wolf (D)
  2 gnoll sergeants (D)
  A scorpion (D)
  4 jellies (D)
  An orc priest (D)
  A hound (D)
  An iguana (D)
  An orc wizard (D)
  A hell rat (D)
  An adder (D)
  8 gnolls (D)
  An ufetubus (D)
  A worm (D)
  7 orcs (D)
  A ball python (D)
  A bat skeleton (D)
  2 giant cockroaches (D)
  A hobgoblin (D)
  6 jackals (D)
  A bat (D)
  A frilled lizard (D)
  A giant cockroach zombie (D)
  2 goblins (D)
  2 kobolds (D)
129 creatures vanquished.

Notes
Turn   | Place    | Note
-------+----------+-------------------------------------------
     0 | D        | mhtbhm the Deep Elf Earth Elementalist began the quest for
                  | the Orb.
     0 | D        | Reached XP level 1. HP: 10/10 MP: 6/6
    11 | D        | Noticed a floating eye
    13 | D        | Killed a floating eye
    14 | D        | Reached skill level 6 in Spellcasting
    14 | D        | Reached XP level 2. HP: 15/15 MP: 4/11
    14 | D        | Reached XP level 3. HP: 19/19 MP: 4/12
    14 | D        | Reached XP level 4. HP: 24/24 MP: 4/14
    19 | D        | Found a bloodstained altar of Trog.
    19 | D        | Found a shimmering blue altar of Sif Muna.
    19 | D        | Found a viscous altar of Jiyva.
    19 | D        | Found a hazy altar of Hepliaklqana.
    19 | D        | Found an opulent altar of Gozag.
    20 | D        | Found a glowing golden altar of the Shining One.
    20 | D        | Found a glowing silver altar of Zin.
    20 | D        | Found a basalt altar of Yredelemnul.
    20 | D        | Found a shimmering altar of Xom.
    20 | D        | Found an ornate altar of the Wu Jian Council.
    20 | D        | Found a sacrificial altar of Ru.
    20 | D        | Found a stormy altar of Qazlal.
    20 | D        | Found an iron altar of Okawaru.
    20 | D        | Found a sparkling altar of Nemelex Xobeh.
    20 | D        | Found a burning altar of Makhleb.
    20 | D        | Found a blossoming altar of Fedhas.
    20 | D        | Found a white marble altar of Elyvilon.
    20 | D        | Found a shadowy altar of Dithmenos.
    20 | D        | Found a snail-covered altar of Cheibriados.
    22 | D        | Found a radiant altar of Vehumet.
    22 | D        | Found a corrupted altar of Lugonu.
    23 | D        | Found a hide-covered altar of Uskayaw.
    23 | D        | Found an ancient bone altar of Kikubaaqudgha.
    23 | D        | Found a broken altar of Ashenzari.
    32 | D        | Became a worshipper of Vehumet
   138 | D        | Learned a level 2 spell: Passwall
   142 | D        | Learned a level 3 spell: Stone Arrow
   145 | D        | Noticed a floating eye
   146 | D        | Killed a floating eye
   146 | D        | Reached * piety under Vehumet
   146 | D        | Offered knowledge of Magic Dart by Vehumet.
   147 | D        | Reached skill level 5 in Dodging
   147 | D        | Reached skill level 8 in Spellcasting
   147 | D        | Reached XP level 5. HP: 28/28 MP: 11/17
   184 | D        | Learned a level 5 spell: Lee's Rapid Deconstruction
   189 | D        | Learned a level 4 spell: Petrify
   193 | D        | Reached ** piety under Vehumet
   194 | D        | Reached skill level 10 in Earth Magic
   195 | D        | Reached *** piety under Vehumet
   201 | D        | Reached XP level 6. HP: 29/32 MP: 2/19
   380 | D        | Offered knowledge of Foxfire by Vehumet.
   381 | D        | Reached skill level 1 in Polearms
   381 | D        | Reached skill level 5 in Stealth
   381 | D        | Reached skill level 9 in Spellcasting
   395 | D        | Noticed an orc warrior
   395 | D        | Reached **** piety under Vehumet
   396 | D        | Killed an orc warrior
   397 | D        | Reached skill level 10 in Spellcasting
   403 | D        | Reached ***** piety under Vehumet
   407 | D        | Reached XP level 7. HP: 37/37 MP: 2/22
   656 | D        | Noticed Grinder
   661 | D        | Killed Grinder
   661 | D        | Offered knowledge of Dazzling Flash by Vehumet.
   662 | D        | Reached skill level 11 in Spellcasting
   753 | D        | Reached skill level 12 in Spellcasting
   807 | D        | Noticed a tarantella
   807 | D        | Noticed a redback
   808 | D        | Reached ****** piety under Vehumet
   808 | D        | Killed a redback
   809 | D        | Reached XP level 8. HP: 42/42 MP: 22/26
   813 | D        | Reached skill level 13 in Spellcasting
   983 | D        | Noticed a troll
   983 | D        | Noticed an efreet
   985 | D        | Killed an efreet
   985 | D        | Offered knowledge of Hailstorm by Vehumet.
   986 | D        | Reached skill level 14 in Spellcasting
   987 | D        | Killed a troll
  1183 | D        | Noticed an ice devil
  1183 | D        | Noticed a polar bear
  1183 | D        | Noticed a jumping spider
  1185 | D        | Killed a polar bear
  1185 | D        | Offered knowledge of Iskenderun's Mystic Blast by Vehumet.
  1186 | D        | Reached skill level 15 in Spellcasting
  1186 | D        | Reached skill level 15 in Earth Magic
  1186 | D        | Killed a jumping spider
  1187 | D        | Reached XP level 9. HP: 46/46 MP: 16/30
  1188 | D        | Killed an ice devil
  1189 | D        | Reached skill level 16 in Spellcasting
  1402 | D        | Noticed a cyclops
  1403 | D        | Noticed a merfolk avatar
  1406 | D        | Killed a cyclops
  1406 | D        | Offered knowledge of Bolt of Magma by Vehumet.
  1408 | D        | Killed a merfolk avatar
  1409 | D        | Reached skill level 17 in Spellcasting
  1684 | D        | Noticed a lindwurm
  1686 | D        | Killed a lindwurm
  1687 | D        | Reached skill level 18 in Spellcasting
  1687 | D        | Reached XP level 10. HP: 51/51 MP: 25/34
  1745 | D        | Killed a shadow wraith
  1745 | D        | Offered knowledge of Starburst by Vehumet.
  1746 | D        | Reached skill level 19 in Spellcasting
  2058 | D        | Noticed a smoke demon
  2062 | D        | Killed a smoke demon
  2105 | D        | Reached skill level 1 in Fighting
  2105 | D        | Reached skill level 20 in Spellcasting
  2105 | D        | Offered knowledge of Ozocubu's Refrigeration by Vehumet.
  2285 | D        | Noticed a molten gargoyle
  2288 | D        | Killed a molten gargoyle
  2559 | D        | Offered knowledge of Lightning Bolt by Vehumet.
  2631 | D        | Noticed a deep elf zephyrmancer
  2633 | D        | Killed a deep elf zephyrmancer
  2633 | D        | Noticed a phantasmal warrior
  2634 | D        | Reached skill level 21 in Spellcasting
  2634 | D        | Reached XP level 11. HP: 56/56 MP: 36/38
  2635 | D        | Killed a phantasmal warrior
  2689 | D        | Noticed a four-headed hydra
  2692 | D        | Killed a four-headed hydra
  2693 | D        | Reached skill level 22 in Spellcasting
  2695 | D        | Noticed a skeletal warrior
  2695 | D        | Noticed an alligator
  2697 | D        | Killed a skeletal warrior
  2699 | D        | Noticed a skeletal warrior
  2700 | D        | Killed an alligator
  2703 | D        | Killed a skeletal warrior
  2826 | D        | Noticed a skeletal warrior
  2826 | D        | Noticed Psyche
  2835 | D        | Killed Psyche
  2835 | D        | Offered knowledge of Irradiate by Vehumet.
  2836 | D        | Reached skill level 23 in Spellcasting
  2837 | D        | Killed a skeletal warrior
  2956 | D        | Noticed a deep elf zephyrmancer
  2962 | D        | Killed a deep elf zephyrmancer
  2981 | D        | Noticed Saint Roka
  3044 | D        | Offered knowledge of Orb of Destruction by Vehumet.
  3051 | D        | Killed Saint Roka
  3052 | D        | Reached skill level 24 in Spellcasting
  3052 | D        | Reached XP level 12. HP: 53/61 MP: 18/42
  3060 | D        | Learned a level 7 spell: Orb of Destruction
  3219 | D        | Got the amulet of Joadweth {Acrobat rElec rN++ Regen+}
  3458 | D        | Reached skill level 25 in Spellcasting
  3461 | D        | Offered knowledge of Spellforged Servitor by Vehumet.
  3463 | D        | Killed a spriggan air mage
  3468 | D        | Noticed Snorg
  3476 | D        | Killed Snorg
  3477 | D        | Reached skill level 26 in Spellcasting
  3477 | D        | Noticed an angel
  3477 | D        | Noticed a great orb of eyes
  3479 | D        | Killed a great orb of eyes
  3481 | D        | Killed an angel
  3482 | D        | Reached XP level 13. HP: 28/66 MP: 24/45
  3498 | D        | Reached skill level 27 in Spellcasting
  3796 | D        | Noticed a green draconian
  3796 | D        | Noticed a balrug
  3799 | D        | Identified the +8 mace "Tokith" {drain, rC+ rN+ Will++}
  3800 | D        | Slain by a balrug

Illustrated notes

Levels and vault maps discovered:
D:        pitsprint [storerooms_1, entrance_room_1, metal_vault_6, armoury_1,
          mini_pit_1, grid_room_1, main_hall_1, silver_pit, the_coven_2,
          the_vestibule_1, steel_vault_3, golden_pit, hallway_of_sentries,
          crystal_vault_4, iron_vault_3, final_vault]

Skill      XL: |  1  2  3  4  5  6  7  8  9 10 11 12 13 |
---------------+----------------------------------------+-----
Dodging        | 4 5 6 |  6.4
Stealth        | 4 5 |  5.8
Spellcasting   | 6 8 10 12 15 18 21 24 26 27 | 27.0
Earth Magic    | 7 9 10 12 13 15 16 19 21 23 | 23.9
Polearms       | 1 2 |  2.1
Transmutations | 2 3 |  3.2
Fighting       | 1 2 |  2.1

Action                   |  1- 3 |  4- 6 |  7- 9 | 10-12 | 13-15 || total
-------------------------+-------+-------+-------+-------+-------++-------
Melee: Trident           |       |     4 |       |       |       ||     4
 Cast: Sandblast         |     2 |     4 |     2 |     1 |     1 ||    10
       Stone Arrow       |       |     2 |       |       |       ||     2
       Lee's Rapid Decon |       |     9 |    24 |    81 |    14 ||   128
       Petrify           |       |       |     2 |     1 |       ||     3
  Use: Potion            |       |       |       |     2 |     2 ||     4
 Stab: Sleeping          |       |     1 |       |       |       ||     1
Armor: Robe              |       |       |       |     7 |       ||     7
Dodge: Dodged            |       |     5 |     2 |     8 |     2 ||    17

Table legend: (Time is in decaauts)
 A = Elapsed time spent in this place.
 B = Non-inter-level travel time spent in this place.
 C = Inter-level travel time spent in this place.
 D = Time resting spent in this place.
 E = Time spent auto-exploring this place.
 F = Levels seen in this place.
 G = Mean time per level.
                   A        B        C        D        E       F      G
               +--------+--------+--------+--------+--------+-----+--------+
         Total |   3802 |   3802 |      0 |   2710 |     32 |   1 | 3802.0 |
       Dungeon |   3802 |   3802 |      0 |   2710 |     32 |   1 | 3802.0 |
               +--------+--------+--------+--------+--------+-----+--------+

Top non-repeatable levels by time:
       D: 3802 daAuts
